[Event "50th La Roda Open 2024"]
[Site "La Roda"]
[Date "2024.03.30"]
[Round "7.3"]
[White "Cruz Lledo, Pablo"]
[Black "Albornoz Cabrera, Carlos Daniel"]
[Result "0-1"]
[ECO "D38"]
[WhiteElo "2353"]
[BlackElo "2603"]
[Annotator "TA"]
[PlyCount "112"]
[EventDate "2024.03.27"]
[EventType "swiss"]
[EventCountry "ESP"]
[SourceTitle "playchess.com"]
[Source "ChessBase"]
[SourceQuality "1"]
[TimeControl "5400+30"]

1. d4 Nf6 2. c4 e6 3. Nf3 d5 4. cxd5 exd5 5. Nc3 Bb4 6. Bg5 h6 7. Bxf6 Qxf6 8. Qb3 Qd6 9. a3 Bxc3+ 10. Qxc3 O-O 11. e3 Bf5 {[%emt 0:00:29] The position is equal.} 12. Be2 Nd7 13. O-O Bg4 14. Rfc1 c6 15. b4 Rac8 16. h3 Bh5 17. Qb2 Nb6 18. a4 Bxf3 19. Bxf3 Nc4 20. Qc3 a6 21. e4 b5 22. e5 Qe7 23. axb5 axb5 24. Bg4 Ra8 25. f4 f6 26. Rxa8 Rxa8 27. Ra1 Ra4 28. Rxa4 bxa4 $11 {[%emt 0:40:29][%mdl 4096] Endgame. KQB-KQN} 29. Be2 Qf7 30. exf6 gxf6 31. Qc2 a3 32. Qa4 $2 (32. Kh2 $11) 32... Qe8 $1 $19 33. Bxc4 Qe3+ ({Inferior is} 33... dxc4 34. Qxa3 Qe4 35. Qc3 $11) 34. Kh1 Qc1+ 35. Kh2 {[%emt 0:00:37] Threatening mate with Qa8+.} Qxf4+ ({And not} 35... dxc4 36. Qa8+ Kf7 37. Qb7+ Kg6 38. f5+ Kxf5 39. Qh7+ Ke6 40. Qg8+ Kd6 41. Qd8+ Ke6 42. Qg8+ Kd6 43. Qd8+ Ke6 44. Qg8+ $11) 36. Kh1 Qc1+ 37. Kh2 {[%emt 0:00:09] Threatens to win with Qa8+.} dxc4 38. Qxc6 {[%emt 0:00:14] KQ-KQ} Qf4+ $2 (38... c3 $11 39. Qc8+ Kh7 40. Qb7+ Kh8 41. Qc8+ Kh7 42. Qc7+ Kh8) 39. Kh1 {[%emt 0:00:03] Black continues to play with concentration.} Qxd4 {[%emt 0:00:00] ...c3 would now be deadly.} 40. Qa8+ $2 (40. b5) 40... Kg7 {[%emt 0:00:00] And now ...c3 would win.} 41. Qxa3 c3 42. b5 Qd1+ 43. Kh2 c2 44. Qe7+ Kg6 45. Qe4+ Kf7 $1 {[%emt 0:00:00] ( -> ...Qd6+)} 46. Qc4+ Ke7 47. Qc7+ Ke6 48. Qc4+ Ke5 49. Qc3+ Ke4 50. Qc4+ Ke3 51. Qc3+ {[%emt 0:01:17] [#]} Ke2 $1 {[%emt 0:00:00] Black mates.} 52. Qf3+ {[%emt 0:03:32] [#]} Kd2 $1 53. Qf4+ Kd3 54. Qf5+ Kc3 55. Qxf6+ Qd4 56. Qxh6 Qe5+ {[%emt 0:00:00] Weighted Error Value: White=0.26 (precise) /Black=0.02 (flawless) .  Loses game:     	White=1     	---        Mistake:       	White=1     	Black=1      OK:         	White=11    	Black=10     Best:        	White=7     	Black=7      Strong:       	---       	Black=1} 0-1

[Event "50th La Roda Open 2024"]
[Site "La Roda"]
[Date "2024.03.30"]
[Round "7.4"]
[White "Iturrizaga Bonelli, Eduardo"]
[Black "Sanchez Alvarez, Roberto Carlos"]
[Result "1-0"]
[ECO "D35"]
[WhiteElo "2588"]
[BlackElo "2407"]
[Annotator "TA"]
[PlyCount "85"]
[EventDate "2024.03.27"]
[EventType "swiss"]
[EventCountry "ESP"]
[SourceTitle "playchess.com"]
[Source "ChessBase"]
[SourceQuality "1"]
[TimeControl "5400+30"]

1. c4 e6 2. Nc3 d5 3. d4 Nf6 4. cxd5 exd5 5. Bg5 Be7 6. e3 O-O 7. Bd3 h6 8. Bh4 Re8 9. Nge2 c6 10. O-O a5 11. Rc1 {[%emt 0:00:07] The position is equal.} Nbd7 12. Re1 b5 13. a4 b4 14. Nb1 Qb6 15. Nd2 Ba6 16. Bf5 Bxe2 17. Rxe2 c5 18. Bxf6 Nxf6 19. dxc5 Bxc5 20. Nb3 Bd6 21. Rec2 Be5 22. g3 Rad8 23. Bd3 Re6 {[%emt 0:02:51] Dodges Rc6} 24. Bf5 (24. Qe2 $16) 24... Re7 (24... Ree8 $1 $11) 25. Rc6 $36 {[%emt 0:00:24][%mdl 2048] Keeping Black busy.} Qa7 26. Nd4 ({White should play} 26. R1c2 $16) 26... Bxd4 $14 27. exd4 Rde8 (27... Ne4 $1 $11 {remains equal.}) 28. Qd3 $16 {[%emt 0:00:31] White is more active.} Ne4 (28... Qb7 $16 {might work better.}) 29. Ra6 $18 Qb7 30. Rxa5 Nd6 (30... g6 $16 {keeps fighting.}) 31. b3 Kf8 32. Rac5 (32. Qf3 $18) 32... g6 $16 33. Bg4 h5 (33... Ne4 $16) 34. Bf3 $18 Ne4 35. Bxe4 Rxe4 36. Qf3 {[%emt 0:01:19] [#] And now Rc7 would win.} Re1+ (36... Qa6 $142 37. Kg2 (37. Rxd5 $2 Re1+ 38. Rxe1 Rxe1+ 39. Kg2 Qf1#) 37... h4) 37. Rxe1 Rxe1+ {[%emt 0:00:02][%mdl 4096] Endgame. KQR-KQR} 38. Kg2 Qa6 39. Rb5 $1 (39. Qxd5 $2 Qf1+ 40. Kf3 Re2 41. Rc8+ Kg7 $19) 39... Re4 40. Rxd5 {[%emt 0:00:31] White is clearly winning.} ({Weaker is} 40. Rxb4 h4 $18) 40... Re1 41. Rb5 Kg7 42. h4 (42. Rxb4 $2 Qf1#) 42... Rb1 43. Qd5 {[%emt 0:00:47] Weighted Error Value: White=0.16 (very precise) /Black=0.33.  Mistake:       	White=3     	Black=6      Inaccurate:     	White=1     	Black=3      OK:         	White=14    	Black=7      Best:        	White=4     	Black=2      Strong:       	White=1     	---} (43. Rxb4 $2 {is the wrong capture.} Qf1+ 44. Kh2 Rb2 $19) 1-0

[Event "50th La Roda Open 2024"]
[Site "La Roda"]
[Date "2024.03.30"]
[Round "7.5"]
[White "Iglesias Ferreira, Andres"]
[Black "Siddharth, Jagadeesh"]
[Result "0-1"]
[ECO "B07"]
[WhiteElo "2234"]
[BlackElo "2490"]
[Annotator "TA"]
[PlyCount "56"]
[EventDate "2024.03.27"]
[EventType "swiss"]
[EventCountry "ESP"]
[SourceTitle "playchess.com"]
[Source "ChessBase"]
[SourceQuality "1"]
[TimeControl "5400+30"]

1. e4 d6 2. d4 Nf6 3. Nc3 e6 4. Nf3 Be7 5. Be2 a6 6. a4 d5 7. exd5 exd5 8. O-O {[%emt 0:00:10] The position is equal.} O-O 9. h3 Nc6 10. Ne5 Nb4 11. Nb1 c5 12. c3 Nc6 13. Nxc6 bxc6 14. dxc5 Bxc5 15. Nd2 Qd6 16. b4 Ba7 {[%emt 0:00:38][%cal Oc8h3] aiming for ...Bxh3!} 17. c4 {[%emt 0:01:41] [#]} Bxh3 $1 {[%emt 0:03:49] ( -> ...Qg3). Black has more active pieces.} 18. c5 Qe5 19. Ra3 Bd7 $40 {[%emt 0:00:44][%cal Oa6a5][%mdl 128] Black attacks.} 20. Re3 Qd4 (20... Qf4 $17 21. Ba3 Ng4) 21. Qb3 $2 (21. Ne4 $1 $11 Qxb4 22. Ba3 (22. Nxf6+ gxf6 23. Rg3+ Kh8 $11) 22... Qxe4 23. Rxe4 Nxe4 24. Qd4 (24. Bxa6 Bxc5 25. Bd3 Bxa3 $15)) 21... Rab8 22. b5 (22. Bb2 $142 Qxb4 (22... Qxd2 23. Bc3 $16) 23. Bxf6 Qxd2 24. Rg3) 22... cxb5 $19 (22... Bxc5 23. Qc2 Ba7 (23... axb5 24. Nb3 $16) 24. Bb2 $19) (22... axb5 23. axb5 cxb5 (23... Qxc5 24. Ba3 $15) 24. Bb2 Qxc5 (24... Qxd2 25. Bc3 $14) 25. Bxf6 gxf6 26. Bd3 $19) 23. Bb2 Qh4 (23... Qxc5 24. Bxf6 gxf6 25. axb5 $19) 24. Rg3 Bxc5 25. Be5 $2 {[%emt 0:04:09] This costs White the game.} (25. Bxf6 $17 Qxf6 26. Qxd5) 25... Rbe8 26. Nf3 {[%emt 0:02:08] [#]} Qh6 (26... Qxa4 $2 {perishes.} 27. Bxf6 g6 (27... Qxb3 28. Rxg7+ Kh8 29. Rg6#) (27... Bxf2+ $2 28. Rxf2 g6 29. Qxa4 $18) 28. Qxd5 Rxe2 29. Qxc5 $18 (29. Qxd7 Qf4 $14)) (26... bxa4 27. Qc2 (27. Qc3 Qxg3 28. Bxg3 Ne4 $17) 27... Qh6 (27... Qe4 $2 28. Bxf6 g6 29. Qxc5 $18) 28. Qxc5 $14) 27. Qc3 $2 (27. axb5 Ng4 28. Bxg7 Qxg7 29. Qxd5 Rxe2 (29... Bxb5 30. Bxb5 Bxf2+ 31. Rxf2 $11) 30. Qxc5 Bxb5 31. Qf5) 27... Ne4 28. Bxg7 Nxg3 {[%emt 0:00:07] Weighted Error Value: White=0.88/Black=0.23 (precise) .  Loses game:     	White=2     	---        Mistake:       	White=2     	Black=1      Inaccurate:     	White=4     	Black=2      OK:         	White=6     	Black=8      Best:        	---       	Black=2} 0-1

[Event "50th La Roda Open 2024"]
[Site "La Roda"]
[Date "2024.03.30"]
[Round "7.6"]
[White "Elias Reyes, Jorge Roberto"]
[Black "Liu, Zexu"]
[Result "1/2-1/2"]
[ECO "C45"]
[WhiteElo "2473"]
[BlackElo "2325"]
[Annotator "TA"]
[PlyCount "124"]
[EventDate "2024.03.27"]
[EventType "swiss"]
[EventCountry "ESP"]
[SourceTitle "playchess.com"]
[Source "ChessBase"]
[SourceQuality "1"]
[TimeControl "5400+30"]

1. e4 e5 2. Nf3 Nc6 3. d4 exd4 4. Nxd4 Qf6 5. Nf3 Bb4+ 6. c3 Bc5 7. Be2 h6 8. Nbd2 d6 9. O-O Nge7 10. e5 Qg6 11. Nb3 Bb6 12. exd6 cxd6 13. Bf4 d5 14. Qd2 O-O 15. Rae1 Qf6 16. Bd3 Ng6 17. Bxg6 Qxg6 18. Ne5 Qf6 19. a4 a5 20. Nd4 Nxd4 21. cxd4 Bf5 22. Re3 Rfe8 23. Rfe1 Re6 24. Rf3 Be4 25. Rg3 Kh7 26. Rd1 Qe7 27. Rh3 Rc8 28. Qe3 Kg8 29. Rg3 Kh8 30. Rh3 Bf5 31. Bg5 $2 (31. Bxh6 Bxh3 (31... gxh6 32. Ng6+ Rxg6 33. Rxh6+ Rxh6 34. Qxe7 $17) 32. Bg5) 31... Qe8 32. Rh4 (32. g4 $142 Rxe5 (32... Qxa4 $2 33. b3 $18) (32... Bxg4 $2 33. Bf6 $19) 33. Qxe5 Qxe5 34. dxe5 Bxg4 35. Rdd3) 32... Bxd4 (32... Qxa4 33. b3 Qe8 34. Bxh6 gxh6 35. Rxh6+ Kg8 36. Qg5+ Bg6 37. Rf1 $19) 33. Qxd4 Rxe5 34. h3 Rc4 $2 (34... Bc2 $1 $19 {[%cal Rc2d1] is more deadly.} 35. Rxh6+ (35. Bf4 $2 Re4 $19) 35... Kg8 (35... gxh6 36. Re1 $11)) 35. Qb6 $2 (35. Qxc4 $17 dxc4 36. Rd8) 35... Rxh4 $1 $19 (35... Qxa4 $2 36. Rxh6+ Kg8 37. b3 $18) 36. Bxh4 Qxa4 37. Rd4 Qc6 38. Qxa5 Kh7 (38... Qc1+ $17 39. Kh2 Re1 (39... Qxb2 40. Rxd5 Rxd5 41. Qxd5 $17) 40. Qxd5 Be6 (40... Qxb2 41. Qc5 $15) 41. Qxb7 g5 42. Rd8+ Kg7) 39. Qd2 Qe6 40. Bg3 Re2 41. Qb4 ({Better is} 41. Qa5) 41... Be4 (41... Re1+ $1 $17 42. Kh2 Qe2 43. Rxd5 Qf1 44. Qxe1 Qxe1 45. Rxf5 Qe8) 42. Rd1 Qc6 43. Qd4 Rc2 44. Be5 (44. Re1 $142) 44... f6 $17 45. Bg3 Qb5 46. f3 {[%emt 0:00:38] [#]} (46. Bf4 $17) 46... Bg6 $2 ({Black should try} 46... Rxg2+ $1 $19 47. Kxg2 Qe2+ 48. Bf2 (48. Kg1 $2 Qxf3 49. Rd2 Qxg3+ 50. Kf1 Qxh3+ 51. Ke1 h5 $19) 48... Bxf3+ 49. Kg3 Qxd1 50. Qxd1 Bxd1) 47. b4 Qe2 (47... Bf7 {simplifies} 48. Qd3+ Qxd3 49. Rxd3 Rc4) 48. Bf2 Rb2 (48... Qc4 $15) 49. Re1 $1 $11 Qd2 (49... Qc2 {is more complex.} 50. Re7 b5 51. g4 Kh8) 50. Qxd2 Rxd2 51. Re7 d4 52. Rxb7 d3 53. Rd7 Rb2 (53... Be8 $1 $15 54. Rd6 Bb5) 54. Be1 $11 Rb1 55. Kf2 Rb2+ 56. Kf1 (56. Kg1 $11) 56... Be8 $1 $15 57. Rd5 (57. Rxd3 $2 {too greedy.} Bb5 58. Kg1 Bxd3 $19) 57... Bc6 $1 58. Rd6 (58. Rxd3 $2 {perishes.} Bb5 59. Kg1 Bxd3 $19) 58... Bb5 59. Kg1 Re2 60. Bc3 Rc2 61. Be1 Re2 (61... Kg6 $15 {is more appropriate.}) 62. Bc3 $11 {[%emt 0:00:08] [#]} Re4 $2 (62... g5 $1 $11) 1/2-1/2

[Event "50th La Roda Open 2024"]
[Site "La Roda"]
[Date "2024.03.30"]
[Round "7.7"]
[White "Vehi Bach, Victor Manuel"]
[Black "Karthik Venkataraman"]
[Result "0-1"]
[ECO "B90"]
[WhiteElo "2211"]
[BlackElo "2609"]
[Annotator "TA"]
[PlyCount "90"]
[EventDate "2024.03.27"]
[EventType "swiss"]
[EventCountry "ESP"]
[SourceTitle "playchess.com"]
[Source "ChessBase"]
[SourceQuality "1"]
[TimeControl "5400+30"]

1. e4 c5 2. Nf3 d6 3. d4 cxd4 4. Nxd4 Nf6 5. Nc3 a6 6. h3 e5 7. Nb3 h6 8. Be3 Be7 9. g4 Be6 {[%emt 0:00:15] The position is equal.} 10. Qf3 Nbd7 11. O-O-O Rc8 12. Nd5 Nf8 13. Kb1 Ng6 14. Nxe7 Qxe7 15. g5 hxg5 16. Bxg5 Qc7 17. Bd3 Nh5 18. h4 Ngf4 19. Nc1 Bc4 (19... d5 $15 {stays ahead.}) 20. Bxc4 $16 Qxc4 21. Rd2 Ne6 22. Qd3 (22. Ne2 $16) 22... Qxd3 $11 23. Nxd3 g6 (23... f6 $5 24. Be3 $8 Ke7 $11) 24. c3 f6 25. Be3 Ke7 26. Nb4 Nhf4 27. f3 Rh5 28. Rhd1 $1 Rd8 $36 {[%emt 0:02:02][%mdl 2048] Black has some pressure.} 29. Bf2 g5 30. hxg5 fxg5 31. Bb6 Rd7 32. Nd5+ Nxd5 33. exd5 Nf4 34. Be3 (34. Rf1 $11 {remains equal.}) 34... Rh3 35. Bxf4 ({White should try} 35. Rf1 $15) 35... gxf4 $15 {[%emt 0:00:05][%mdl 4096] Endgame. KRR-KRR} 36. Rf2 {[%emt 0:00:08] [#]} Kf6 $1 37. c4 Rc7 38. b3 b6 39. Kc2 Rch7 {[%emt 0:00:09] Black is more active.} 40. b4 Rc7 41. Kd3 {[%emt 0:00:29] [#]} (41. Kc3 $17) 41... Kf5 $1 $19 42. Re1 b5 43. Re4 Rh1 {[%emt 0:00:28] Black has a decisive advantage.} 44. Rc2 Rd1+ 45. Ke2 Rxd5 {[%emt 0:00:06] Weighted Error Value: White=0.17 (very precise) /Black=0.09 (flawless) .  Mistake:       	White=4     	Black=1      Inaccurate:     	White=3     	Black=1      OK:         	White=9     	Black=23     Best:        	White=3     	Black=3      Strong:       	White=1     	Black=1} 0-1

[Event "50th La Roda Open 2024"]
[Site "La Roda"]
[Date "2024.03.30"]
[Round "7.8"]
[White "Pranav Vijay"]
[Black "Bustos Bernardo, Samuel"]
[Result "1-0"]
[ECO "C90"]
[WhiteElo "2252"]
[BlackElo "2188"]
[Annotator "RC"]
[PlyCount "113"]
[EventDate "2024.03.27"]
[EventType "swiss"]
[EventCountry "ESP"]
[SourceTitle "playchess.com"]
[Source "ChessBase"]
[SourceQuality "1"]
[TimeControl "5400+30"]

1. e4 e5 2. Nf3 Nc6 3. Bb5 a6 4. Ba4 Nf6 5. O-O Be7 6. d3 b5 7. Bb3 d6 8. c3 Na5 9. Bc2 c5 10. Re1 O-O 11. Nbd2 Nc6 12. Nf1 Re8 13. a4 Bd7 14. h3 h6 15. Ng3 Bf8 16. Nh2 b4 17. Ng4 Be6 18. Nxf6+ Qxf6 19. Nh5 Qh4 20. Qf3 Rad8 21. a5 b3 22. Bd1 Rb8 23. Be2 Be7 24. Ng3 g6 25. Bd2 Bg5 26. Nf1 Bxd2 27. Nxd2 Rf8 28. Nc4 Qd8 29. Ne3 Kg7 30. Qg3 Kh7 31. h4 f5 32. h5 Rg8 33. Qh3 gxh5 34. Bxh5 Qg5 35. exf5 Bd7 36. Bf3 Ne7 37. Be4 Kh8 38. Kf1 d5 39. Nxd5 Nxf5 40. Qh2 Nd6 41. Bf3 Rbe8 42. Qh5 Bc6 43. Qxg5 Rxg5 44. Ne3 e4 45. dxe4 Bxe4 46. Rad1 Bxf3 47. Rxd6 Rxg2 48. Rxh6+ Kg7 49. Nf5+ Kf7 50. Rxe8 Kxe8 51. Nh4 Rh2 52. Re6+ Kd7 53. Nxf3 Rh1+ 54. Kg2 Rc1 55. Rxa6 Rc2 56. Ne5+ Kc7 57. Nc4 1-0

[Event "50th La Roda Open 2024"]
[Site "La Roda"]
[Date "2024.03.30"]
[Round "7.9"]
[White "Admiraal, Miguoel"]
[Black "Portero Rubio, Martin"]
[Result "1/2-1/2"]
[ECO "B80"]
[WhiteElo "2471"]
[BlackElo "2067"]
[Annotator "TA"]
[PlyCount "99"]
[EventDate "2024.03.27"]
[EventType "swiss"]
[EventCountry "ESP"]
[SourceTitle "playchess.com"]
[Source "ChessBase"]
[SourceQuality "1"]
[TimeControl "5400+30"]

1. e4 c5 2. Ne2 Nf6 3. Nbc3 d6 4. g3 e6 5. Bg2 Be7 6. O-O O-O 7. d4 cxd4 8. Nxd4 a6 9. Be3 Bd7 10. f4 Nc6 11. Nb3 b5 12. a3 Rc8 13. g4 e5 14. f5 {[%emt 0:02:03] And now g5 would win.} h6 15. Kh1 Na5 (15... a5 $11 {keeps the balance.}) 16. Nxa5 $16 Qxa5 17. g5 hxg5 18. Bxg5 Rxc3 19. bxc3 Qxc3 20. Bxf6 Bxf6 21. Qxd6 Rd8 22. Rad1 a5 (22... Qc8 $16) 23. Qd2 (23. Qb6 $1 $18) 23... Qxa3 (23... Qc7 $1 $14) 24. Rf3 $18 Qb2 25. Rd3 (25. Qxa5 Qxc2 26. Rfd3 b4 27. Qxb4 (27. Rxd7 $2 Rxd7 28. Rf1 b3 $19) 27... Be8 28. Rxd8 Bxd8 $16) 25... a4 26. Rxd7 Rxd7 27. Qxd7 a3 28. Bf1 {[%emt 0:11:18] aiming for Qe8+.} a2 (28... Qxc2 $142 29. Qd3 (29. Bxb5 $2 Qxe4+ 30. Kg1 Qg4+ 31. Kf2 Bh4+ 32. Ke3 Bg5+ 33. Kf2 e4 $19) 29... Qc6 30. Qxa3 Qxe4+ 31. Bg2 Qa4 32. Qxa4 bxa4) 29. Qe8+ (29. Bxb5 a1=Q (29... a1=B 30. Bc4) 30. Bc4 Kh8 31. Rxa1 (31. Bxf7 $2 Qa8 $19) 31... Qxa1+ 32. Kg2 Qe1 $11) (29. Rd3 $142 {Threatening mate with Qe8+.} Qb4 (29... a1=Q 30. Qe8+ Kh7 31. Rh3+) 30. Qe8+ Qf8 31. Qxf8+ (31. Qxb5 $2 a1=Q $19) 31... Kxf8 32. Ra3) 29... Kh7 {[%emt 0:00:02] [#]} 30. Rd3 $1 (30. Bxb5 $2 {loses.} Qxc2 31. Re1 Qb1 $19) (30. Qxf7 a1=Q 31. Rxa1 Qxa1 32. Qg6+ Kg8 33. Qe8+ Kh7 34. Qxb5 Qc1 $14) 30... Bg5 {[%emt 0:01:16] [#]} 31. Qxf7 $2 ({Only move:} 31. Rh3+ $1 $18 Bh6 32. Rxh6+ (32. Bxb5 {is a self mate.} a1=Q+ 33. Kg2 Qxc2+ 34. Kf3 Qad1+) 32... Kxh6 33. Qxf7) 31... Qc1 $1 $14 ({Inferior is} 31... a1=Q 32. Rh3+ Bh6 33. Rxh6+ Kxh6 34. Qg6#) 32. Rh3+ Bh6 {[%emt 0:00:01] The position is equal.} 33. Rxh6+ Qxh6 34. Qxa2 Qc1 $1 35. Kg2 Qd2+ 36. Kf3 Qf4+ 37. Ke2 Qxh2+ 38. Kd1 Qh1 39. Ke1 Qh4+ 40. Kd2 Qf4+ 41. Kc3 Qxf1 $11 {[%emt 0:00:31][%mdl 4096] Endgame. KQ-KQ} 42. Kb4 Qe1+ 43. Kxb5 {[%emt 0:00:08] Hoping for Qc4.} Qxe4 44. Qe6 Qxc2 45. Qg6+ Kg8 46. Qe8+ Kh7 47. Qh5+ Kg8 48. Qe8+ Kh7 49. Qg6+ Kg8 50. Qe8+ {[%emt 0:00:06] Black escapes into a draw.   Weighted Error Value: White=0.24 (precise) /Black=0.34.  Loses game:     	---       	Black=1      Missed win:     	White=1     	---        Mistake:       	White=2     	Black=3      Inaccurate:     	White=1     	Black=1      OK:         	White=20    	Black=15     Best:        	White=2     	Black=4      Strong:       	---       	Black=2} 1/2-1/2

[Event "50th La Roda Open 2024"]
[Site "La Roda"]
[Date "2024.03.30"]
[Round "7.10"]
[White "Lopez Nunez, Alonso"]
[Black "Fernandez Barrera, Victor"]
[Result "1/2-1/2"]
[ECO "B10"]
[WhiteElo "1993"]
[BlackElo "2249"]
[Annotator "RC"]
[PlyCount "69"]
[EventDate "2024.03.27"]
[EventType "swiss"]
[EventCountry "ESP"]
[SourceTitle "playchess.com"]
[Source "ChessBase"]
[SourceQuality "1"]
[TimeControl "5400+30"]

1. e4 c6 2. Nf3 d5 3. d3 Bg4 4. h3 Bxf3 5. Qxf3 e6 6. g3 Nd7 7. Bg2 Ngf6 8. O-O Qb6 9. Qe2 dxe4 10. dxe4 e5 11. Nd2 Qc7 12. a4 Nc5 13. Nc4 Nfd7 14. Bd2 Ne6 15. Be3 Bc5 16. c3 Bxe3 17. Nxe3 O-O 18. Qc2 a5 19. h4 Nf6 20. Nc4 Rfd8 21. Rfd1 Nc5 22. Kf1 h5 23. Ke2 Rxd1 24. Rxd1 Nxa4 25. Qxa4 b5 26. Qa2 bxc4 27. Qxc4 Qb6 28. Rd2 Ng4 29. Ke1 a4 30. Bf3 Nf6 31. Bd1 Qb5 32. Qxb5 cxb5 33. f3 Kf8 34. Be2 Rb8 35. Rd6 1/2-1/2

[Event "50th La Roda Open 2024"]
[Site "La Roda"]
[Date "2024.03.30"]
[Round "7.11"]
[White "Ha, Yihan"]
[Black "Gonzalez Lema, Carlos"]
[Result "1/2-1/2"]
[ECO "D35"]
[WhiteElo "1865"]
[BlackElo "2224"]
[Annotator "RC"]
[PlyCount "114"]
[EventDate "2024.03.27"]
[EventType "swiss"]
[EventCountry "ESP"]
[SourceTitle "playchess.com"]
[Source "ChessBase"]
[SourceQuality "1"]
[TimeControl "5400+30"]

1. d4 d5 2. c4 e6 3. Nc3 Nf6 4. cxd5 exd5 5. Bg5 Be7 6. e3 c6 7. Bd3 Nbd7 8. h3 O-O 9. Bf4 Re8 10. Nf3 Nf8 11. O-O Ne6 12. Bg3 g6 13. Rb1 a5 14. a3 Ng7 15. b4 Bf5 16. Ne5 Bxd3 17. Qxd3 axb4 18. axb4 Nf5 19. Bh2 Ra3 20. Qc2 Qa8 21. b5 c5 22. dxc5 d4 23. Ne4 Nxe4 24. Qxe4 dxe3 25. Qd5 Rf8 26. Nc4 Rd8 27. Nd6 Bxd6 28. cxd6 b6 29. Qxa8 Raxa8 30. fxe3 Nxd6 31. Rf6 Ne4 32. Rxb6 Nc3 33. Rf1 f5 34. Be5 Ne2+ 35. Kh2 Rd5 36. Re1 Ra2 37. Ra1 Rxa1 38. Bxa1 f4 39. exf4 Nxf4 40. Rb8+ Kf7 41. b6 Ne6 42. b7 Rb5 43. Be5 Nc5 44. Rh8 Nxb7 45. Rxh7+ Ke6 46. Bd4 Nd6 47. Rg7 Rg5 48. Be3 Nf5 49. Bxg5 Nxg7 50. g4 Ke5 51. Kg3 Ke4 52. h4 Ne6 53. Bf6 Nf8 54. h5 gxh5 55. gxh5 Kf5 56. h6 Kxf6 57. h7 Nxh7 1/2-1/2

[Event "50th La Roda Open 2024"]
[Site "La Roda"]
[Date "2024.03.30"]
[Round "7.12"]
[White "Peralta, Fernando"]
[Black "Ponce Navalon, Jose"]
[Result "1-0"]
[ECO "A21"]
[WhiteElo "2580"]
[BlackElo "2141"]
[Annotator "TA"]
[PlyCount "49"]
[EventDate "2024.03.27"]
[EventType "swiss"]
[EventCountry "ESP"]
[SourceTitle "playchess.com"]
[Source "ChessBase"]
[SourceQuality "1"]
[TimeControl "5400+30"]

1. d4 d6 2. Nf3 Bg4 3. c4 e5 4. Nc3 Bxf3 5. exf3 exd4 6. Qxd4 Nc6 7. Qd1 Qd7 8. g3 {[%emt 0:06:02] White is slightly better.} O-O-O 9. Bg2 (9. Nd5 $14) 9... Qe6+ $11 10. Be3 Qxc4 11. Bf1 Qe6 {[%emt 0:00:46] Hoping for ...d5.} 12. Nd5 {[%emt 0:00:09][%mdl 1024] White has compensation.} Nge7 13. Bc4 {[%emt 0:00:36][%cal Od5b6] Threatens to win with Nb6+!} Kb8 14. O-O Na5 $2 ({Black should play} 14... Qd7 $14) 15. b3 $2 (15. Re1 $6 Qd7 16. Bf1 Nac6 $16) (15. Bxa7+ $1 $18 Kxa7 16. Qa4) 15... Nxc4 16. bxc4 Qd7 17. Rb1 Nf5 $2 (17... c5 $14) 18. Qb3 $2 (18. Bxa7+ Kxa7 19. Rb5) 18... c5 $18 (18... c6 $2 19. Bxa7+ Kxa7 20. Qa4+ Kb8 21. Nb6 $18) 19. Rb2 {[%emt 0:01:15] Rfb1 would kill now. White is more active.} Qc6 {[%emt 0:02:11] [#]} 20. Rfb1 $40 {[%emt 0:14:56][%mdl 128] White is up to no good.} (20. Re1 $1 $16) 20... Rd7 $14 21. Qa3 {[%emt 0:00:05] Rb5 is the strong threat.} Ne7 $2 {[%emt 0:02:47] [#]} (21... Be7 $14) 22. Nb6 $1 $18 Rc7 {[%emt 0:01:59][%cal Oc6f3] [#]} (22... axb6 23. Rxb6 $18) (22... Rd8 23. Rb3) 23. Bf4 $1 h6 (23... axb6 $2 24. Rxb6 $18) (23... g5 24. Bxg5) 24. Rb3 {[%emt 0:02:14][%cal Oa3a7] Intending Qxa7+! and mate.} ({Weaker is} 24. Na4 Ng6 $14) 24... g5 $2 {[%emt 0:00:34] [#]} ({Much worse is} 24... axb6 25. Rxb6) (24... Nc8 $18 25. Nxc8 Rxc8 26. Rxb7+ Qxb7 27. Rxb7+ Kxb7) 25. Qxa7+ $3 {[%emt 0:07:26][%mdl 33280] Weighted Error Value: White=0.59/Black=0.93.  Loses game:     	---       	Black=3      Missed win:     	White=1     	---        Mistake:       	White=3     	Black=1      Inaccurate:     	White=1     	Black=3      OK:         	White=6     	Black=4      Best:        	---       	Black=3      Brilliant:      	White=2     	---       . Loss on time!?} 1-0

[Event "50th La Roda Open 2024"]
[Site "La Roda"]
[Date "2024.03.30"]
[Round "7.13"]
[White "Rodriguez Avila, Alvaro"]
[Black "Martinez Reyes, Pedro Ramon"]
[Result "0-1"]
[ECO "C10"]
[WhiteElo "2142"]
[BlackElo "2332"]
[Annotator "RC"]
[PlyCount "66"]
[EventDate "2024.03.27"]
[EventType "swiss"]
[EventCountry "ESP"]
[SourceTitle "playchess.com"]
[Source "ChessBase"]
[SourceQuality "1"]
[TimeControl "5400+30"]

1. e4 e6 2. d4 d5 3. Nc3 dxe4 4. Nxe4 Nd7 5. Nf3 Ngf6 6. Nxf6+ Nxf6 7. Be3 Bd6 8. Bd3 b6 9. Qe2 Bb7 10. O-O-O O-O 11. Kb1 c5 12. h4 Rc8 13. h5 h6 14. dxc5 bxc5 15. Nd2 Qc7 16. Nc4 Bf4 17. Rhg1 Bxe3 18. fxe3 Qg3 19. e4 Rcd8 20. Rdf1 Rd4 21. Nd2 Rfd8 22. Nb3 Rb4 23. Nxc5 Qe5 24. c3 Qxc3 25. Rc1 Qe5 26. g4 Nd7 27. Qd2 Qd4 28. Nxb7 Rxb7 29. Qc2 Nc5 30. Be2 Na4 31. b3 Rc7 32. Rcd1 Rxc2 33. Rxd4 Rb2+ 0-1